 Dungeon Crawl Stone Soup version 0.18.1-48-g4cf74bf (webtiles) character file.

50 Jonno22 the Shield-Bearer (level 3, -1/31 HPs)
             Began as a Demigod Fighter on Aug 19, 2016.
             Slain by Schimscham's ghost (8 damage)
             ... on level 3 of the Dungeon.
             The game lasted 00:16:59 (1831 turns).

Jonno22 the Shield-Bearer (Demigod Fighter)         Turns: 1831, Time: 00:16:59

Health: -1/31      AC:  6    Str: 21    XL:     3   Next: 35%
Magic:  5/5        EV:  7    Int: 12    God:
Gold:   119        SH: 12    Dex: 15    Spells: 0 memorised, 2 levels left

rFire  . . .     SeeInvis .     h - +2 short sword (elec)
rCold  . . .     Gourm    .     b - +0 scale mail
rNeg   . . .     Faith    .     c - +0 shield
rPois  .         Spirit   .     (no helmet)
rElec  .         Dismiss  .     (no cloak)
rCorr  .         Reflect  +     (no gloves)
SustAt +         Harm     .     (no boots)
MR     .....                    l - +3 amulet of reflection
Stlth  ..........               (no ring)
                                (no ring)

@: drained, not resistant to hostile enchantments, extremely unstealthy
A: high mp 1, sustain attributes
a: no special abilities


You were on level 3 of the Dungeon.
You were not hungry.

You visited 1 branch of the dungeon, and saw 3 of its levels.

You collected 119 gold pieces.

Inventory:

Hand Weapons
 a - a +0 long sword
 e - a +0 dagger
 g - a cursed -3 dagger
 h - a +2 short sword of electrocution (weapon)
 o - a +0 club
 p - a +0 club
 q - a +0 club
 t - a +0 club
 v - a +0 hunting sling
 w - a +0 dagger of draining
 x - a +0 hunting sling
 y - a +0 dagger
 B - a +0 arbalest
 D - a +0 dagger
 E - a +0 club
 F - a +0 club
 J - a +0 whip
 K - a +0 club
Missiles
 k - 69 stones (quivered)
 n - 40 bolts
 r - 48 arrows
 A - 16 poisoned needles
Armour
 b - a +0 scale mail (worn)
 c - a +0 shield (worn)
 j - a +0 robe
 z - a +0 robe
Jewellery
 l - a +3 amulet of reflection (around neck)
 C - an uncursed amulet of rage {unknown}
Scrolls
 i - a scroll of remove curse
 I - a scroll of identify
Potions
 d - a potion of might
 m - a potion of agility {unknown}
 s - a potion of curing {unknown}
 u - 2 potions of lignification {unknown}
 H - a potion of flight {unknown}
Comestibles
 f - a bread ration


   Skills:
 + Level 3.0(2.9) Fighting
 + Level 0.3(1.1) Short Blades
 + Level 2.0(1.9) Long Blades
 + Level 3.0(2.9) Armour
 + Level 0.1(0.0) Dodging
 + Level 0.2(0.0) Stealth
 + Level 3.3(3.1) Shields


You had 2 spell levels left.
You didn't know any spells.

Dungeon Overview and Level Annotations

Branches:
Dungeon (3/15)

Annotations:
D:3 Schimscham's ghost, amateur TrMo


Innate Abilities, Weirdness & Mutations

You have an increased reservoir of magic (+10% MP).
Your attributes are resistant to harm.


Message History

You block Schimscham's ghost's attack.
You hit Schimscham's ghost.
There is a sudden explosion of sparks!
Schimscham's ghost is moderately damaged.
You block the hobgoblin's attack. You block Schimscham's ghost's attack.
You hit Schimscham's ghost.
Schimscham's ghost is moderately damaged.
The hobgoblin closely misses you. You block Schimscham's ghost's attack.
You hit Schimscham's ghost but do no damage.
Schimscham's ghost is moderately damaged.
You block the hobgoblin's attack. Schimscham's ghost barely misses you.
You closely miss Schimscham's ghost.
Schimscham's ghost is moderately damaged.
The hobgoblin hits you but does no damage.
Schimscham's ghost hits you!!
Ouch! That really hurt!
* * * LOW HITPOINT WARNING * * *
As you read the scroll of immolation, it crumbles to dust.
The creatures around you are filled with an inner flame!
The hobgoblin barely misses you. Schimscham's ghost hits you!
You die...

# ##. ..# ..#
..## ..# #)#
#@### #Wg.#
#..#........
.....#........
#######........
#........
#........
#........
#########


You could see Schimscham's ghost (inner flame) and a hobgoblin (inner flame).

Vanquished Creatures
  A worm (D:2)
  A dart slug (D:2)
  A giant gecko (D:1)
  An orc (D:3)
  3 giant cockroaches
  8 goblins
  6 hobgoblins
  3 jackals (D:1)
  A quokka (D:2)
  6 bats
  3 kobolds
  3 rats
37 creatures vanquished.

Notes
Turn   | Place    | Note
--------------------------------------------------------------
     0 | D:1      | Jonno22 the Demigod Fighter began the quest for the Orb.
     0 | D:1      | Reached XP level 1. HP: 18/18 MP: 3/3
   381 | D:1      | Reached XP level 2. HP: 19/25 MP: 4/4
  1211 | D:2      | Reached XP level 3. HP: 26/31 MP: 5/5
  1815 | D:3      | Noticed Schimscham's ghost (amateur TrMo)
  1831 | D:3      | Slain by Schimscham's ghost

Skill      XL: |  1  2 |
---------------+-------+-----
Shields        | 3 |  3.3
Long Blades    | 2 |  2.0
Fighting       | 3 |  3.0
Armour         | 3 |  3.0
Short Blades   | |  0.3
Dodging        | |  0.1
Stealth        | |  0.2

Action                   || total
-------------------------++-------
Melee: Short sword       ||    70
       Long sword        ||     5
  Use: Scroll            ||     6
  Eat: Bread ration      ||     1
Armor: Scale mail        ||    26
Dodge: Dodged            ||    14
Block: Shield            ||    51
       Reflection        ||     1
